 Dungeon Sprint DCSS version 0.18.1-8-gdd0e5ea (webtiles) character file.

32013 rftp080 the Stickfighter (level 13, -9/136 HPs)
             Began as a Deep Dwarf Gladiator on June 4, 2016.
             Was the Champion of Makhleb.
             Shot with a bolt by a naga sharpshooter (31 damage)
             ... in the Dungeon (Sprint IX: "|||||||||||||||||||||||||||||").
             The game lasted 00:15:04 (1683 turns).

rftp080 the Stickfighter (Deep Dwarf Gladiator)     Turns: 1683, Time: 00:15:05

Health: -9/136     AC:  4    Str: 23    XL:     13   Next: 29%
Magic:  12/12      EV: 16    Int:  9    God:    Makhleb [******]
Gold:   1839       SH:  0    Dex: 20    Spells: 0 memorised, 12 levels left

rFire  . . .     SeeInvis .     r - +4 lajatang
rCold  . . .     Gourm    .     H - +3 plate armour {MR+}
rNeg   . . .     Faith    .     (shield currently unavailable)
rPois  .         Spirit   .     s - +0 helmet
rElec  .         Dismiss  .     B - +0 cloak
rCorr  .         Reflect  .     I - +1 pair of gloves
SustAt .         Harm     .     J - +1 pair of boots {Stlth+}
MR     ++...     NoTele   +     (no amulet)
Stlth  ..........               w - +3 ring of dexterity
                                v - +3 ring of strength

@: corroded, non-regenerating, constricted, very resistant to hostile
enchantments, extremely unstealthy
A: damage resistance, recharge devices, sense surroundings 2, slow regeneration
3
a: Device Recharging, Minor Destruction, Lesser Servant of Makhleb, Major
Destruction, Greater Servant of Makhleb, Renounce Religion


You were in the Dungeon.
You worshipped Makhleb.
Makhleb was exalted by your worship.
You were not hungry.

You visited 1 branch You collected 1920 gold pieces.
You spent 81 gold pieces at shops.

Inventory:

Hand Weapons
 a - a +0 flail
 r - a +4 lajatang (weapon)
Missiles
 d - 3 throwing nets (quivered)
Armour
 b - a +0 leather armour
 c - a +0 helmet
 s - a +0 helmet (worn)
 t - a +0 pair of boots
 u - a +1 scale mail
 y - a +0 pair of gloves
 B - a +0 cloak (worn)
 C - a +0 pair of gloves
 D - a +0 chain mail
 E - a +0 plate armour
 H - a +3 plate armour of magic resistance (worn)
 I - a +1 pair of gloves (worn)
 J - a +1 pair of boots of stealth (worn)
 K - a +1 fire dragon armour
Magical Staves
 q - an uncursed staff of energy
Jewellery
 v - a +3 ring of strength (left hand)
 w - a +3 ring of dexterity (right hand)
 F - an uncursed ring of protection from magic
 G - an uncursed ring of protection from fire
Wands
 e - a wand of heal wounds (2/9)
 p - a wand of lightning (1/15)
Scrolls
 k - 2 scrolls of enchant armour
 l - 4 scrolls of blinking
 m - 2 scrolls of fog
 n - 3 scrolls of remove curse
 o - 2 scrolls of amnesia
 x - 2 scrolls of identify
 O - a scroll of fear
Potions
 g - 4 potions of curing
 i - a potion of invisibility
 j - 4 potions of magic
 L - 3 potions of brilliance
Comestibles
 f - 12 bread rations
 z - 40 fruits
 A - 12 meat rations
 N - 3 chunks of flesh


   Skills:
 + Level 14.8 Fighting
 - Level 5.3(15.4) Maces & Flails
 * Level 20.0(20.2) Staves
 - Level 3.6 Throwing
 + Level 14.7 Armour
 + Level 16.9 Dodging
 - Level 1.1 Stealth
 - Level 4.6 Evocations


You had 12 spell levels left.
You didn't know any spells.

Dungeon Overview and Level Annotations

Branches:
Dungeon (1/1)

Altars:
Cheibriados
Dithmenos
Elyvilon
Fedhas
Gozag
Kikubaaqudgha
Makhleb
Nemelex Xobeh
Okawaru
Pakellas
Qazlal
Ru
Sif Muna
Trog
Vehumet
Xom
Yredelemnul
Zin
The Shining One
Beogh
Jiyva
Lugonu

Shops:
D %![(


Innate Abilities, Weirdness & Mutations

You are resistant to damage.
You can recharge devices by infusing magical energy.
You passively map the area around you.
You do not regenerate naturally.


Message History

The anaconda hisses angrily.
The anaconda bites you!
* * * LOW HITPOINT WARNING * * *
The anaconda constricts you.
Unknown command.
You slash the anaconda!
The anaconda is moderately wounded.
The anaconda misses you. The anaconda constricts you.
Evoke which item? (* to show all) (? for menu, Esc to quit)
Zapping:
e - a wand of heal wounds (3/9)
Press: ? - help, Shift-Dir - straight line, f - you You feel much better.
This wand has 2 charges left.
The anaconda bites you!
* * * LOW HITPOINT WARNING * * *
x2 The anaconda constricts you.
The anaconda barely misses you.
* * * LOW HITPOINT WARNING * * *
The anaconda constricts you.
The naga sharpshooter gestures wildly while chanting.
The naga sharpshooter magically shoots a bolt.
The bolt hits you!!
You die...

* *
*,▓.▓.▓.▓.▓.▓.▓.▓.▓_
, * *
▓.▓.▓.▓.▓.▓.▓.▓.▓_ *
*,
▓.▓.▓.▓.▓.▓.▓.▓.▓_ ,
,*,*, *
▓.▓.▓(▓.▓.▓.▓.▓.▓' *
*
,▓†▓.▓.▓.▓)▓.▓.▓.▓.
, ,*
▓.▓.▓.▓.▓.▓.▓†▓.▓.
,* * *
▓.▓.▓)▓.▓)▓.▓†▓.▓. ,
* ,
,▓.▓.▓)▓.▓)▓.▓.▓.▓)
, ,
▓@▓.▓)▓.▓)▓.▓.▓.▓. *
,
,▓S▓.▓.▓.▓)▓.▓.▓.▓.
* , , *,
,▓S▓.▓)▓.▓∩▓)▓.▓.▓.
, , *,
▓N▓.▓(▓.▓)▓.▓.▓.▓. ,
*,* *
▓N▓.▓(▓.▓∩▓.▓.▓.▓.
▓S▓.▓)▓.▓.▓.▓.▓.▓) *
*,*
▓.▓.▓.▓.▓∩▓.▓)▓.▓)
,*, ,*
▓N▓.▓.▓.▓.▓.▓.▓.▓. *
, ,* ,
▓.▓.▓.▓∩▓.▓.▓.▓(


You could see a naga sharpshooter, 2 anacondas, a shock serpent and 2 nagas.

Vanquished Creatures
  Frances (D)
  A tengu reaver (D)
  2 stone giants (D)
  A spark wasp (D)
  2 ettins (D)
  A great orb of eyes (D)
  An entropy weaver (D)
  A hydra (D)
  A ghost crab (D)
  A catoblepas (D)
  2 centaur warriors (D)
  Erolcha (D)
  A satyr (D)
  An ogre mage (D)
  A merfolk avatar (D)
  An orc high priest (D)
  A skeletal warrior (D)
  Nergalle (D)
  An unseen horror (D)
  A swamp dragon (D)
  4 lindwurms (D)
  A harpy (D)
  An orc knight (D)
  9 orc sorcerers (D)
  A wolf spider (D)
  An orb spider (D)
  A griffon (D)
  An elephant (D)
  A siren (D)
  A water nymph (D)
  A komodo dragon (D)
  A demonic crawler (D)
  An efreet (D)
  3 giant leeches (D)
  2 merfolk (D)
  A jumping spider (D)
  A boulder beetle (D)
  2 snapping turtles (D)
  A bog body (D)
  A redback (D)
  A vampire (D)
  A tarantella (D)
  A yak (D)
  A hungry ghost (D)
  A basilisk (D)
  A naga (D)
  2 porcupines (D)
  14 orc warriors (D)
  A swamp drake (D)
  A wasp (D)
  An ogre (D)
  A wolf (D)
  A centaur (D)
  2 crocodiles (D)
  4 giant frogs (D)
  A howler monkey (D)
  A crimson imp (D)
  A hound (D)
  9 orc wizards (D)
  A sheep (D)
  An adder (D)
  A river rat (D)
  An adder skeleton (D)
  A worm (D)
  2 giant geckos (D)
  7 orcs (D)
  2 bats (D)
  2 bat skeletons (D)
  2 giant cockroaches (D)
  A kobold (D)
  A quokka (D)
  A rat (D)
126 creatures vanquished.

Vanquished Creatures (others)
  A hydra (D)
  A spiny frog (D)
  2 swamp drakes (D)
  A crocodile (D)
  A giant frog (D)
6 creatures vanquished.

Grand Total: 132 creatures vanquished

Notes
Turn   | Place    | Note
--------------------------------------------------------------
     0 | D        | rftp080 the Deep Dwarf Gladiator began the quest for the Orb.
     0 | D        | Reached XP level 1. HP: 19/19 MP: 1/1
    37 | D        | Noticed a howler monkey
    48 | D        | Killed a howler monkey
    48 | D        | Reached skill level 5 in Maces & Flails
    48 | D        | Reached XP level 2. HP: 20/28 MP: 2/2
    48 | D        | Reached XP level 3. HP: 25/34 MP: 3/3
    67 | D        | Found a glowing silver altar of Zin.
    67 | D        | Found a glowing golden altar of the Shining One.
    67 | D        | Found an ancient bone altar of Kikubaaqudgha.
    67 | D        | Found a basalt altar of Yredelemnul.
    67 | D        | Found a shimmering altar of Xom.
    67 | D        | Found a radiant altar of Vehumet.
    68 | D        | Found an iron altar of Okawaru.
    69 | D        | Found a burning altar of Makhleb.
    70 | D        | Found a deep blue altar of Sif Muna.
    71 | D        | Found a bloodstained altar of Trog.
    72 | D        | Found a sparkling altar of Nemelex Xobeh.
    73 | D        | Found a white marble altar of Elyvilon.
    74 | D        | Found a roughly hewn altar of Beogh.
    75 | D        | Found a viscous altar of Jiyva.
    76 | D        | Found a corrupted altar of Lugonu.
    77 | D        | Became a worshipper of Makhleb the Destroyer
    78 | D        | Found a blossoming altar of Fedhas.
    79 | D        | Found a snail-covered altar of Cheibriados.
    80 | D        | Found a shadowy altar of Dithmenos.
    81 | D        | Found a stormy altar of Qazlal.
    82 | D        | Found an opulent altar of Gozag.
    83 | D        | Found a sacrificial altar of Ru.
    84 | D        | Found an oddly glowing altar of Pakellas.
   143 | D        | Noticed a giant frog
   146 | D        | Reached * piety under Makhleb
   146 | D        | Reached skill level 5 in Dodging
   155 | D        | Reached XP level 4. HP: 33/42 MP: 4/4
   160 | D        | Reached ** piety under Makhleb
   160 | D        | Reached skill level 1 in Staves
   164 | D        | Killed a giant frog
   164 | D        | Reached skill level 3 in Staves
   164 | D        | Reached XP level 5. HP: 34/51 MP: 5/5
   171 | D        | Noticed a catoblepas
   171 | D        | Noticed a vampire
   171 | D        | Noticed an ogre
   171 | D        | Noticed a centaur warrior
   171 | D        | Noticed a hungry ghost
   184 | D        | HP: 2/51 [catoblepas (5)]
   194 | D        | Killed a catoblepas
   194 | D        | Reached *** piety under Makhleb
   194 | D        | Reached skill level 7 in Staves
   194 | D        | Reached skill level 10 in Dodging
   194 | D        | Reached XP level 6. HP: 66/66 MP: 6/6
   194 | D        | Reached XP level 7. HP: 72/72 MP: 7/7
   214 | D        | Reached skill level 8 in Staves
   214 | D        | Killed a hungry ghost
   214 | D        | Reached XP level 8. HP: 50/81 MP: 8/8
   216 | D        | Reached **** piety under Makhleb
   216 | D        | Reached skill level 1 in Evocations
   221 | D        | Killed a centaur warrior
   221 | D        | Reached skill level 10 in Staves
   221 | D        | Reached skill level 1 in Stealth
   345 | D        | Gained mutation: You passively map the area around you. [Deep Dwarf growth]
   345 | D        | Reached XP level 9. HP: 44/90 MP: 10/10
   355 | D        | Reached ***** piety under Makhleb
   382 | D        | Reached skill level 11 in Staves
   396 | D        | Noticed an elephant
   400 | D        | Killed an elephant
   408 | D        | Reached ****** piety under Makhleb
   420 | D        | Noticed a komodo dragon
   421 | D        | Noticed a griffon
   433 | D        | Killed a komodo dragon
   433 | D        | Reached skill level 12 in Staves
   442 | D        | Killed a griffon
   442 | D        | Reached skill level 10 in Fighting
   442 | D        | Reached XP level 10. HP: 67/102 MP: 12/12
   448 | D        | Noticed a lindwurm
   448 | D        | Noticed a lindwurm
   448 | D        | Noticed a lindwurm
   448 | D        | Noticed a lindwurm
   456 | D        | Killed a lindwurm
   456 | D        | Reached skill level 13 in Staves
   474 | D        | Killed a lindwurm
   500 | D        | Killed a lindwurm
   500 | D        | Reached skill level 14 in Staves
   507 | D        | Killed a lindwurm
   507 | D        | Reached skill level 10 in Armour
   596 | D        | Noticed Erolcha
   605 | D        | Killed Erolcha
   665 | D        | Noticed an orc sorcerer
   666 | D        | Killed an orc sorcerer
   666 | D        | Reached skill level 15 in Staves
   676 | D        | Reached XP level 11. HP: 61/111 MP: 14/14
   740 | D        | Noticed an orc high priest
   740 | D        | Noticed an orc knight
   761 | D        | Killed an orc high priest
   768 | D        | Killed an orc knight
   781 | D        | Reached skill level 16 in Staves
   823 | D        | Found Mukluno's Food Emporium.
   823 | D        | Noticed an orc sorcerer
   823 | D        | Noticed an orc sorcerer
   823 | D        | Noticed an orc sorcerer
   823 | D        | Noticed an orc sorcerer
   827 | D        | Killed an orc sorcerer
   828 | D        | Noticed an orc sorcerer
   829 | D        | Found Aneogih's Distillery.
   829 | D        | Noticed an orc sorcerer
   835 | D        | Killed an orc sorcerer
   837 | D        | Killed an orc sorcerer
   838 | D        | Found Caryq's Antique Armour Emporium.
   847 | D        | Killed an orc sorcerer
   853 | D        | Killed an orc sorcerer
   870 | D        | Killed an orc sorcerer
   888 | D        | Found Ryroluleh's Weapon Shoppe.
   911 | D        | Noticed an orc sorcerer
   912 | D        | Noticed an orc sorcerer
   927 | D        | Killed an orc sorcerer
   927 | D        | Reached skill level 17 in Staves
   946 | D        | Killed an orc sorcerer
   957 | D        | Bought a chain mail for 81 gold pieces
  1196 | D        | Noticed a skeletal warrior
  1196 | D        | Noticed a centaur warrior
  1213 | D        | Killed a skeletal warrior
  1219 | D        | Killed a centaur warrior
  1220 | D        | Noticed a tengu reaver
  1227 | D        | Noticed a great orb of eyes
  1233 | D        | Noticed an ettin
  1235 | D        | Noticed a stone giant
  1245 | D        | Killed an unseen horror
  1245 | D        | Reached XP level 12. HP: 90/123 MP: 15/15
  1246 | D        | Noticed an ogre mage
  1251 | D        | Noticed a stone giant
  1258 | D        | Killed a tengu reaver
  1264 | D        | Killed a great orb of eyes
  1264 | D        | Reached skill level 15 in Dodging
  1277 | D        | Killed a stone giant
  1277 | D        | Reached skill level 18 in Staves
  1279 | D        | Noticed an ettin
  1287 | D        | Killed a stone giant
  1299 | D        | Killed an ettin
  1305 | D        | Killed an ettin
  1311 | D        | Killed an ogre mage
  1389 | D        | Noticed Frances
  1427 | D        | Killed Frances
  1429 | D        | Noticed Nergalle
  1439 | D        | Killed Nergalle
  1439 | D        | Reached skill level 19 in Staves
  1467 | D        | Noticed a satyr
  1468 | D        | Noticed a merfolk avatar
  1519 | D        | HP: 2/128 [satyr/arrow (12)]
  1523 | D        | Killed a satyr
  1533 | D        | Killed a merfolk avatar
  1544 | D        | Reached XP level 13. HP: 75/136 MP: 13/13
  1608 | D        | Noticed a spark wasp
  1616 | D        | Killed a spark wasp
  1650 | D        | Reached skill level 20 in Staves
  1683 | D        | Shot with a bolt by a naga sharpshooter

Skill      XL: |  1  2  3  4  5  6  7  8  9 10 11 12 13 |
---------------+----------------------------------------+-----
Fighting       | 3 4 7 8 10 11 12 14 | 14.8
Throwing       | 2 3 |  3.6
Maces & Flails | 5 |  5.3
Armour         | 2 3 6 7 8 9 10 11 14 | 14.7
Dodging        | 4 5 7 10 11 12 13 14 16 | 16.9
Staves         | 3 7 8 10 12 15 17 19 20 | 20.0
Evocations     | 2 3 4 |  4.6
Stealth        | 1 |  1.1

Action                   |  1- 3 |  4- 6 |  7- 9 | 10-12 | 13-15 || total
-------------------------+-------+-------+-------+-------+-------++-------
Melee: Flail             |    42 |       |       |       |       ||    42
       Lajatang          |    11 |    18 |   100 |   450 |    95 ||   674
 Abil: Device Recharging |       |       |       |     3 |     1 ||     4
Evoke: Wand              |       |       |     6 |    20 |     4 ||    30
  Use: Potion            |     1 |     3 |     2 |     9 |     3 ||    18
       Scroll            |       |       |     4 |     1 |       ||     5
  Eat: Bread ration      |       |       |       |     1 |       ||     1
       Chunk             |       |       |       |     1 |       ||     1
Armor: Leather armour    |    13 |       |       |       |       ||    13
       Scale mail        |     5 |     8 |    36 |    34 |       ||    83
       Plate armour      |       |       |       |    75 |    39 ||   114
Dodge: Dodged            |    41 |    16 |    62 |   261 |   108 ||   488
